 Dungeon Crawl Stone Soup version 0.27.0-66-gdc8fb28755 (webtiles) character file.

Game seed: 12012112580424404365

54 funkygono the Firebug (level 3, 0/19 HPs)
             Began as a Gargoyle Fire Elementalist on Aug 20, 2021.
             Killed from afar by Natasha (1 damage)
             ... with a magic dart
             ... on level 2 of the Dungeon.
             The game lasted 00:01:51 (1224 turns).

funkygono the Firebug (Gargoyle Fire Elementalist)  Turns: 1224, Time: 00:01:51

Health: 0/19       AC:  5    Str: 11    XL:     3   Next: 91%
Magic:  3/7        EV: 12    Int: 16    God:
Gold:   34         SH:  0    Dex: 10    Spells: 5/7 levels left

rFire    . . .     SeeInvis .   c - +0 whip
rCold    . . .     Faith    .   (no shield)
rNeg     + . .     Spirit   .   a - +0 robe
rPois    ∞         Reflect  .   (no helmet)
rElec    +         Harm     .   (no cloak)
rCorr    .         Rampage  .   (no gloves)
Will     .....                  (no boots)
Stlth    ++........             (no amulet)
HPRegen  0.06/turn              (no ring)
MPRegen  0.10/turn              (no ring)

@: very slightly contaminated, slowed, very slow
A: sickness immunity, AC +3, negative energy resistance 1, electricity
resistance, torment resistance 1, petrification resistance
a: no special abilities


You were on level 2 of the Dungeon.
You visited 1 branch of the dungeon, and saw 2 of its levels.

You collected 34 gold pieces.

Inventory:

Hand Weapons
 c - a +0 whip (weapon)
Missiles
 d - 70 stones
Armour
 a - a +0 robe (worn)
Scrolls
 b - a scroll of noise {unknown}
 e - a scroll of identify {unknown}


   Skills:
 + Level 1.8 Dodging
 - Level 2.1 Stealth
 + Level 2.8 Spellcasting
 + Level 1.5 Conjurations
 + Level 3.7 Fire Magic


You had 5 spell levels left.
You knew the following spells:

 Your Spells              Type           Power      Damage    Failure   Level
a - Foxfire               Conj/Fire      40%        2x1d6     6%          1
b - Sting                 Tmut/Pois      8%         1d3       19%         1

Your spell library contained the following spells:

 Spells                   Type           Power      Damage    Failure   Level
 Conjure Flame            Conj/Fire      10%        6-21      19%         3
 Inner Flame              Hex/Fire       8%         N/A       26%         3
 Poisonous Vapours        Pois/Air       4%         N/A       28%         2
 Sticky Flame             Conj/Fire      10%        2d3       54%         4
 Fireball                 Conj/Fire      5%         3d5       87%         5
 Olgreb's Toxic Radiance  Pois           2%         N/A       88%         4


Dungeon Overview and Level Annotations

Branches:
Dungeon (1/15)

Altars:

Annotations:
D:2 Natasha


Innate Abilities, Weirdness & Mutations

You are immune to sickness and miasma.
Your stone body is resilient. (AC +3)
You are immune to poison.
You resist negative energy. (rN+)
You are resistant to electric shocks. (rElec)
You are resistant to unholy torment.
You are immune to petrification.


Message History

Natasha is lightly wounded.
The foxfire hits Natasha.
Natasha is moderately wounded.
Natasha claws you.
A frilled lizard comes into view.
The foxfire hits Natasha but does no damage.
Natasha is moderately wounded.
The foxfire hits Natasha.
Natasha is heavily wounded.
Natasha claws you!
* * * LOW HITPOINT WARNING * * *
You aren't carrying any potions.
The foxfire hits Natasha.
Natasha is severely wounded.
Natasha drinks a potion.
Natasha is healed!
Found a hunting sling.
Natasha looks more healthy.
Casting: Sting (safe; 19% risk of failure)
Confirm with . or Enter, or press ? or * to list all spells.
Aiming: Sting (safe; 19% risk of failure)
Press: ? - help, Shift-Dir - straight line, f/p - Natasha
Aim: Natasha (55% to hit)
You miscast Sting.
You are very lightly contaminated with residual magic.
Nothing appears to happen.
Natasha casts a spell at you.
You feel yourself slow down. Natasha barely misses you. x2
Casting: Sting (safe; 19% risk of failure)
Confirm with . or Enter, or press ? or * to list all spells.
You conjure some foxfire!
Natasha claws you.
* * * LOW HITPOINT WARNING * * *
The foxfire hits Natasha.
Natasha is moderately wounded.
The foxfire hits Natasha.
Natasha is heavily wounded.
Natasha claws you but does no damage.
Natasha stares at you and mumbles some strange words.
The magic dart hits you.
You die...

##########.# ### ########.
#..........# #.. .......†.
..######.##########.############
................................
.........##########.############
#.######...##.......#######
...........................
#.######...##.......###...l
###...##..@.h.........
###.....##....§.####)##.
#.......######### #.....###
#.....# ###...# #...# ####...#
#......#


You could see Natasha.

Vanquished Creatures
  Natasha (D:2)
  2 dart slugs
  A worm (D:2)
  3 endoplasms
  A giant cockroach (D:1)
  4 goblins (D:1)
  A hobgoblin (D:1)
  4 bats
  2 frilled lizards
  2 kobolds (D:1)
  2 rats (D:1)
23 creatures vanquished.

Vanquished Creatures (others)
  73 foxfires
73 creatures vanquished.

Grand Total: 96 creatures vanquished

Notes
Turn   | Place    | Note
-------+----------+-------------------------------------------
     0 | D:1      | funkygono the Gargoyle Fire Elementalist began the quest
                  | for the Orb.
     0 | D:1      | Reached XP level 1. HP: 10/10 MP: 3/3
   179 | D:1      | Reached XP level 2. HP: 15/15 MP: 1/5
   266 | D:1      | Found a faded altar of an unknown god.
   888 | D:1      | You fall into a shaft and drop 1 floor!
   889 | D:2      | Noticed Natasha
   894 | D:2      | Killed Natasha
   895 | D:2      | Reached XP level 3. HP: 19/19 MP: 0/7
   897 | D:2      | Learned a level 1 spell: Sting
  1211 | D:2      | Noticed Natasha
  1224 | D:2      | Killed from afar by Natasha

Illustrated notes

Levels and vault maps discovered:
D:1:      minmay_arrival_diagonal_passages, layout_basic,
          dreamdust_ecumenical_altar_angels_and_demons, serial_forest,
          infiniplex_forest_lined_4_way, infiniplex_forest_end_1,
          infiniplex_forest_clump_diagonal, infiniplex_forest_corner_2,
          st_stairs_4, minmay_pentomino_t2
D:2:      layout_basic, uniq_natasha, uniq_terence

Action                   || total
-------------------------++-------
Melee: Club              ||     1
       Whip              ||    16
 Cast: Foxfire           ||    43
       Sting             ||     1
Armor: Robe              ||     4
Dodge: Dodged            ||    19
